 Dungeon Crawl Stone Soup version 0.30-a0-1035-g38d5fb2972 (webtiles) character file.

Game seed: 844698660018381963

360 holysushi the Grave Robber (level 6, -12/43 HPs)
             Began as a Demonspawn Necromancer on Apr 9, 2023.
             Killed by an exploding white imp (20 damage)
             ... ignited by their inner flame
             ... on level 6 of the Dungeon.
             The game lasted 00:10:09 (4041 turns).

holysushi the Grave Robber (Demonspawn Necromancer) Turns: 4041, Time: 00:10:10

Health: -12/43     AC:  3    Str:  9    XL:     6   Next: 38%
Magic:  9/9        EV: 12    Int: 16    God:
Gold:   15         SH:  5    Dex: 15    Spells: 5/9 levels left

rFire   . . .      SeeInvis .    p - +0 short sword
rCold   . . .      Faith    .    (no shield)
rNeg    . . .      Spirit   .    a - +0 robe
rPois   .          Reflect  +    (no helmet)
rElec   .          Rampage  .    (no cloak)
rCorr   .                        (no gloves)
Will    .....                    (no boots)
Stlth   ++                       h - amulet of reflection
HPRegen 0.27/turn                (no ring)
MPRegen 0.22/turn                (no ring)

@: no status effects
A: magic regeneration, sharp scales 1
a: no special abilities


You were on level 6 of the Dungeon.
You visited 1 branch of the dungeon, and saw 6 of its levels.

You collected 157 gold pieces.
You spent 142 gold pieces at shops.

Inventory:

Hand Weapons
 p - a +0 short sword (weapon)
Armour
 a - a +0 robe (worn)
Magical Staves
 e - a staff of fire
Jewellery
 d - an amulet of guardian spirit
 h - an amulet of reflection (around neck)
 t - a ring of ice
Wands
 c - a wand of flame (16)
 n - a wand of polymorph (12)
Scrolls
 o - 6 scrolls of identify
 s - 2 scrolls of poison
 u - a scroll of enchant weapon {unknown}
Potions
 b - 2 potions of magic
 f - 3 potions of heal wounds
 i - 2 potions of curing {unknown}
 j - a potion of attraction {unknown}
 k - a potion of flight {unknown}
 l - a potion of ambrosia {unknown}
 m - a potion of haste {unknown}
 q - a potion of degeneration {unknown}


   Skills:
 - Level 1.0 Fighting
 - Level 3.5 Short Blades
 - Level 1.8 Dodging
 - Level 1.7 Stealth
 - Level 2.0 Spellcasting
 + Level 6.9 Necromancy


You had 5 spell levels left.
You knew the following spells:

 Your Spells              Type           Power      Damage    Failure   Level
a - Necrotise             Necr           92%        1d8       1%          1
b - Vampiric Draining     Necr           23%        2d7       3%          3

Your spell library contained the following spells:

 Spells                   Type           Power      Damage    Failure   Level
 Animate Dead             Necr           23%        N/A       12%         4
 Agony                    Necr           23%        N/A       32%         5
 Ozocubu's Armour         Ice            1%         N/A       52%         3
 Vhi's Electric Charge    Tloc/Air       2%         N/A       52%         3
 Arcjolt                  Conj/Air       0%         1d10      99%         5
 Metabolic Englaciation   Hex/Ice        0%         N/A       99%         5
 Simulacrum               Ice/Necr       6%         N/A       100%        6
 Ozocubu's Refrigeration  Ice            0%         4d7       100%        7
 Maxwell's Capacitive Co  Air            0%         ∞         100%        8


Dungeon Overview and Level Annotations

Branches:
Dungeon (7/15) Zot: 26931
 Temple: D:4-7

Altars:
Qazlal
Vehumet
Yredelemnul

Shops:
D:7 ?

Annotations:
D:6 Edmund, Eustachio, Grinder, Maggie


Innate Abilities, Weirdness & Mutations

You regenerate magic rapidly.
You are partially covered in razor-sharp scales. (AC +1, Slay +1)


Message History

Confirm with . or Enter, or press ? or * to list all spells.
Aiming: Necrotise (safe; 1% risk of failure)
Press: ? - help, Shift-Dir - straight line, f - iguana, p - Eustachio
Aim: an iguana (summoned, friendly, chance to affect: 87%)
Okay, then.
Maggie hits your sleepcap with a +0 morningstar!
Eustachio hits your iguana with a +0 rapier.
Your sleepcap completely misses the white imp.
Your iguana barely misses Eustachio.
The ufetubus hits your sleepcap but does no damage.
The ufetubus hits your sleepcap. The white imp hits you.
The white imp freezes you.
The crimson imp blinks!
As you read the scroll labelled XAEGRO XASA, it crumbles to dust.
The creatures around you are filled with an inner flame!
It was a scroll of immolation.
Maggie casts a spell.
Maggie attempts to bespell you! You resist with almost no effort.
Eustachio hits your iguana with a +0 rapier.
Flame seeps out of your iguana. The ufetubus hits your sleepcap.
Your sleepcap dissolves into shadows!
Your sleepcap explodes!
The fiery explosion engulfs you!!
Ouch! That really hurt!
* * * LOW HITPOINT WARNING * * *
The fiery explosion engulfs Maggie!
Flame seeps out of Maggie.
Maggie is moderately wounded.
The fiery explosion engulfs the white imp!!!
The white imp is burned terribly!
The white imp disappears in a puff of smoke!
The fiery explosion engulfs Grinder!!
Flame seeps out of Grinder.
Grinder is severely wounded.
The fiery explosion engulfs the ufetubus!!!
The ufetubus is burned terribly!
The ufetubus disappears in a puff of smoke!
The ufetubus explodes!
The fiery explosion engulfs Maggie!!
Flame seeps out of Maggie.
Maggie is almost dead.
The white imp explodes!
The fiery explosion engulfs you!!
You die...

##########
#.$......####.#
#..@c.§.5......
######...l.@§@##.#.###.
#...##.....§§§§........
####
#...##.....O§§§.##...##
...#
#...##..........##....#
...# #...##.......5#....
#.# ...#
#...##........#..## #.#
...###...###########...#
#.###
...'.'...')..@).)))..>##
#...#
...###...###########...#
###.#


You could see Maggie (inner flame), Eustachio (inner flame, ally target),
Grinder (inner flame), a crimson imp (summoned, inner flame), a friendly ogre
(summoned, inner flame), a friendly centaur (summoned, inner flame) and a
friendly iguana (summoned, inner flame).

Vanquished Creatures
  A scorpion (D:3)
  An orc priest (D:6)
  A hound (D:7)
  An iguana (D:6)
  2 orc wizards (D:3)
  10 adders
  A worm (D:2)
  A dart slug (D:3)
  6 orcs
  2 ball pythons
  3 endoplasms
  3 giant cockroaches
  3 goblins
  4 hobgoblins
  9 jackals
  2 quokkas
  6 bats
  4 frilled lizards
  A kobold (D:2)
  3 rats
64 creatures vanquished.

Vanquished Creatures (collateral kills)
  An adder (D:2)
1 creature vanquished.

Grand Total: 65 creatures vanquished

Notes
Turn   | Place    | Note
-------+----------+-------------------------------------------
     0 | D:1      | holysushi the Demonspawn Necromancer began the quest for
                  | the Orb.
     0 | D:1      | Reached XP level 1. HP: 13/13 MP: 3/3
   423 | D:1      | Reached skill level 1 in Fighting
   468 | D:1      | Reached skill level 1 in Short Blades
   468 | D:1      | Gained mutation: You regenerate magic rapidly. [demonic
                  | ancestry]
   468 | D:1      | Reached XP level 2. HP: 21/21 MP: 1/5
   915 | D:2      | Reached XP level 3. HP: 20/26 MP: 3/6
  1958 | D:3      | Reached XP level 4. HP: 32/32 MP: 5/7
  2081 | D:3      | Found a stormy altar of Qazlal.
  2082 | D:3      | Noticed a scorpion
  2455 | D:3      | Learned a level 3 spell: Vampiric Draining
  2818 | D:3      | Reached skill level 5 in Necromancy
  2818 | D:3      | Gained mutation: You are partially covered in razor-sharp
                  | scales. (AC +1, Slay +1) [demonic ancestry]
  2818 | D:3      | Reached XP level 5. HP: 25/37 MP: 5/8
  3355 | D:3      | Reached skill level 6 in Necromancy
  3499 | D:4      | Found a radiant altar of Vehumet.
  3618 | D:4      | Reached XP level 6. HP: 43/43 MP: 6/9
  3620 | D:4      | Found a basalt altar of Yredelemnul.
  3620 | D:4      | You fall into a shaft and drop 2 floors!
  3780 | D:6      | Noticed Grinder
  3797 | D:6      | Noticed an orc warrior
  3968 | D:6      | Noticed Eustachio
  3968 | D:6      | Noticed Edmund
  3969 | D:6      | Noticed Maggie
  3973 | D:7      | Found Jixishaa's Magic Scroll Shoppe.
  4031 | D:7      | Bought a scroll of summoning for 142 gold pieces
  4041 | D:6      | Killed by an exploding white imp... ignited by their inner
                  | flame

Illustrated notes

Levels and vault maps discovered:
D:1:      psy_arrival_dodecagon, layout_loops_ring
D:2:      layout_loops_cross
D:3:      layout_basic, mainiacjoe_overflow_catwalk, minmay_cupped
D:4:      cheibrodos_old_hovel, layout_basic, lemuel_crystal_altar,
          kiku_gazebo_garden_becter, fiery_altar_vehumet,
          mainiacjoe_overflow_divided_tiny, minmay_temple_entry_mini_moons,
          st_stairs_6, small_statue_intersection, glass_columns_b,
          kennysheep_pointless_box, kennysheep_generic_room_5
D:6:      layout_basic, grunt_temple_overflow_open, slow_altar_2,
          fedhas_altar_decomposition, abandoned_shop, uniq_eustachio,
          uniq_grinder, uniq_maggie, uniq_duvessa, uniq_edmund
D:7:      layout_basic, lemuel_crystal_altar, kennysheep_okawaru_gauntlet,
          serial_shops, nicolae_shop_crystal, shop_fountains,
          chequers_serial_rivers_small_b

Skill      XL: |  1  2  3  4  5 |
---------------+----------------+-----
Fighting       | 1 |  1.0
Short Blades   | 1 2 3 |  3.5
Necromancy     | 5 6 |  6.9
Dodging        | |  1.8
Stealth        | |  1.7
Spellcasting   | |  2.0

Action                     |  1- 3 |  4- 6 || total
---------------------------+-------+-------++-------
  Melee: Dagger            |    20 |       ||    20
         Short sword       |    21 |    39 ||    60
   Cast: Necrotise         |    52 |    80 ||   132
         Vampiric Draining |       |     7 ||     7
    Use: Scroll            |       |     6 ||     6
         Potion            |       |     2 ||     2
   Stab: Sleeping          |     1 |       ||     1
 Armour: Robe              |     6 |    20 ||    26
  Dodge: Dodged            |    34 |    55 ||    89
  Block: Other             |       |    18 ||    18

Table legend: (Time is in decaauts)
 A = Elapsed time spent in this place.
 B = Non-inter-level travel time spent in this place.
 C = Inter-level travel time spent in this place.
 D = Time resting spent in this place.
 E = Time spent auto-exploring this place.
 F = Levels seen in this place.
 G = Mean time per level.
                   A        B        C        D        E       F      G
               +--------+--------+--------+--------+--------+-----+--------+
         Total |   4028 |   3945 |     83 |    978 |   1751 |   6 |  671.3 |
       Dungeon |   4028 |   3945 |     83 |    978 |   1751 |   6 |  671.3 |
               +--------+--------+--------+--------+--------+-----+--------+

Top non-repeatable levels by time:
     D:3: 1790 daAuts
     D:2: 1004 daAuts
     D:1: 648 daAuts
     D:6: 357 daAuts
     D:4: 166 daAuts
     D:7: 61 daAuts
